 Dungeon Crawl Stone Soup version 0.18.1-50-g88ac8fd (webtiles) character file.

51 magog001 the Bolt Thrower (level 4, -7/34 HPs)
             Began as a Formicid Hunter on Feb 26, 2017.
             Mangled by an orc
             ... wielding a +0 flail
              (8 damage)
             ... on level 3 of the Dungeon.
             The game lasted 00:07:27 (1080 turns).

magog001 the Bolt Thrower (Formicid Hunter)         Turns: 1080, Time: 00:07:28

Health: -7/34      AC:  3    Str: 17    XL:     4   Next: 5%
Magic:  4/4        EV: 11    Int: 11    God:
Gold:   65         SH:  0    Dex: 11    Spells: 0 memorised, 3 levels left

rFire  . . .     SeeInvis +     b - +0 short sword
rCold  . . .     Gourm    .     c - +0 leather armour
rNeg   . . .     Faith    .     (no shield)
rPois  .         Spirit   .     (helmet unavailable)
rElec  .         Dismiss  .     (no cloak)
rCorr  .         Reflect  .     (no gloves)
SustAt .         Harm     .     (no boots)
MR     .....                    (no amulet)
Stlth  +.........               (no ring)
                                (no ring)

@: not resistant to hostile enchantments, very unstealthy
A: permanent stasis, dig shafts and tunnels, four strong arms, antennae 3
a: Dig, Shaft Self


You were on level 3 of the Dungeon.
You were not hungry.

You visited 1 branch of the dungeon, and saw 3 of its levels.

You collected 65 gold pieces.

Inventory:

Hand Weapons
 a - a +1 hand crossbow
 b - a +0 short sword (weapon)
Missiles
 d - a bolt
 e - 11 poisoned needles
Armour
 c - a +0 leather armour (worn)
 k - a +0 scale mail
Scrolls
 g - 7 scrolls of identify
 l - a scroll of enchant weapon {unknown}
Potions
 h - a potion of flight
Comestibles
 f - a bread ration
 j - a meat ration
 m - a royal jelly
 n - a chunk of flesh


   Skills:
 * Level 2.7 Fighting
 * Level 5.0 Crossbows
 + Level 0.2 Armour
 + Level 1.8 Dodging
 * Level 1.2 Stealth


You had 3 spell levels left.
You didn't know any spells.

Dungeon Overview and Level Annotations

Branches:
Dungeon (2/15)

Altars:

Annotations:
D:2 Terence


Innate Abilities, Weirdness & Mutations

You are under a permanent stasis effect.
You can dig through walls and to a lower floor.
Your four strong arms can wield two-handed weapons with a shield.
You have a pair of large antennae on your head (SInv).


Message History

The orc wizard gestures at you while chanting.
The magic dart hits you!
* * * LOW HITPOINT WARNING * * *
Drink which item? (? for menu, Esc to quit)
It was a potion of curing.
You feel better. The orc wizard casts a spell at you.
The puff of flame hits you!
* * * LOW HITPOINT WARNING * * *
Drink which item? (? for menu, Esc to quit)
You feel better. The orc priest hits you with a flail.
* * * LOW HITPOINT WARNING * * *
Drink which item? (? for menu, Esc to quit)
You feel better. The orc hits you but does no damage.
You hit the orc priest.
The orc priest is severely wounded.
The orc priest mumbles some strange prayers to Beogh against you.
Beogh smites you!
* * * LOW HITPOINT WARNING * * *
The orc hits you with a flail!
You die...

.#..######.####.....######....#..
...........# #...### #.......
.##..####### #...# ###.......
.##..## #...# #..(....#. ###....
.....# ####.#.......
####.############## #............
.....####........# #............
###....##........####............
................@oo..............
................o#(##...#........
.................#.# ...#....#...
...........#######.# #....#)..
...........# #.# #....'...
...........# #........#....####
####......## #........###### #
#......# #........# # #......#
#........#


You could see an orc priest, an orc wizard (invisible) and an orc.

Vanquished Creatures
  An adder (D:3)
  A worm (D:2)
  3 dart slugs (D:1)
  2 giant geckos
  2 orcs (D:3)
  4 goblins
  2 hobgoblins
  7 bats
  3 giant newts
  3 kobolds
  3 rats
31 creatures vanquished.

Notes
Turn   | Place    | Note
--------------------------------------------------------------
     0 | D:1      | magog001 the Formicid Hunter began the quest for the Orb.
     0 | D:1      | Reached XP level 1. HP: 16/16 MP: 1/1
    73 | D:1      | Reached XP level 2. HP: 23/23 MP: 2/2
   345 | D:1      | Reached XP level 3. HP: 26/28 MP: 3/3
   643 | D:2      | Noticed Terence
   663 | D:2      | You fall through a shaft!
   993 | D:3      | Reached skill level 5 in Crossbows
  1065 | D:3      | Reached XP level 4. HP: 20/34 MP: 4/4
  1080 | D:3      | HP: 1/34 [orc priest/divine providence (14)]
  1080 | D:3      | Mangled by an orc

Skill      XL: |  1  2  3 |
---------------+----------+-----
Crossbows      | 5 |  5.0
Fighting       | |  2.7
Armour         | |  0.2
Dodging        | |  1.8
Stealth        | |  1.2

Action                   |  1- 3 |  4- 6 || total
-------------------------+-------+-------++-------
Melee: Short sword       |     8 |     7 ||    15
 Fire: Hand crossbow     |    63 |     3 ||    66
 Abil: Shaft Self        |     1 |       ||     1
  Use: Scroll            |     1 |       ||     1
       Potion            |       |     3 ||     3
  Eat: Chunk             |     1 |       ||     1
Armor: Leather armour    |    11 |     2 ||    13
Dodge: Dodged            |    28 |     1 ||    29
